Map: Lerilak Crest

Players

RobertKarl - Winner!

  • Race: Zerg Zerg
  • League: Gold

MoreCowBell

  • Race: Protoss Protoss
  • League: Gold

VOD

Have the link to the VOD?

Description

Time

  • Played on: Dec. 4, 2015, 7:51 a.m.
  • Length: 6:26
Show
View Real Time Build Order
Export as new Build Order

RobertKarl Zerg - Winner!

Build Orders: 3 Hatch before Pool 

Get SALT Encoding   

  12  0:01  Drone  
  13  0:10  Drone  
  14  0:17  Overlord  
  14  0:40  Drone x3  
  17  0:56  Hatchery  
  16  1:01  Drone  
  17  1:10  Drone  
  18  1:18  Drone  
  19  1:23  Drone  
  20  1:34  Drone  
  21  1:47  Evolution Chamber  
  21  1:54  Drone  
  21  1:59  Drone  
  22  2:04  Hatchery  
  22  2:05  Overlord  
  21  2:20  Drone x2  
  21  2:21  Drone  
  24  2:25  Spawning Pool  
  23  2:35  Drone x2  
  25  2:40  Drone  
  25  2:43  Drone  
  27  2:49  Drone  
  28  2:58  Drone  
  28  3:02  Drone x2  
  31  3:10  Overlord  
  31  3:18  Queen x2  
  31  3:19  Queen  
  37  3:20  Drone x2  
  37  3:26  Drone x2  
  41  3:28  Zergling x2  
  42  3:38  Drone x3  
  45  3:46  Overlord  
  45  4:08  Drone  
  45  4:09  Drone x6, Spine Crawler  
  51  4:10  Spine Crawler  
  51  4:11  Overlord  
  51  4:16  Drone  
  51  4:21  Drone x2  
  53  4:28  Drone x4  
  57  4:40  Drone  
  57  4:41  Drone x4  
  57  4:43  Overlord  
  57  4:44  Overlord  
  62  4:57  Zergling x2  
  62  4:58  Zergling x6  
  62  4:59  Overlord  
  66  5:16  Queen x3  
  72  5:21  Hatchery  
  72  5:22  Extractor  
  72  5:23  Drone x4  
  72  5:24  Zergling x2, Extractor  
  72  5:25  Zergling x8  
  78  5:39  Drone x4, Extractor x2  
  78  5:40  Zergling x2  
  78  5:41  Zergling x4  
  83  5:58  Zergling x10  
  83  5:59  Zergling x4  
  83  6:03  Spine Crawler x3  
Show
View Real Time Build Order
Export as new Build Order

MoreCowBell Protoss 

Build Orders:  

Get SALT Encoding   

  12  0:01  Probe (Chrono Boost)  
  13  0:12  Probe (Chrono Boost)  
  14  0:22  Probe (Chrono Boost)  
  14  0:26  Pylon  
  15  0:39  Assimilator  
  15  0:45  Probe (Chrono Boost), Gateway  
  16  0:52  Assimilator  
  16  0:55  Probe (Chrono Boost)  
  17  1:14  Probe (Chrono Boost)  
  18  1:39  Probe (Chrono Boost)  
  19  1:47  Cybernetics Core  
  19  1:59  Probe (Chrono Boost)  
  20  2:06  Pylon  
  20  2:10  Probe (Chrono Boost)  
  21  2:20  Forge  
  20  2:33  Probe (Chrono Boost)  
  21  2:44  Probe (Chrono Boost)  
  22  2:45  Warp Gate (Chrono Boost), Robotics Facility  
  22  2:49  Sentry  
  24  2:57  Photon Cannon  
  24  3:01  Pylon  
  24  3:05  Probe  
  25  3:12  Protoss Ground Weapons Level 1 (Chrono Boost)  
  25  3:19  Sentry  
  27  3:27  Mothership Core  
  29  3:34  Warp Prism  
  31  3:46  Pylon  
  31  3:49  Pylon  
  31  3:51  Sentry  
  33  4:18  Sentry  
  33  4:23  Gateway  
  35  4:25  Gateway  
  35  4:26  Gateway  
  35  4:29  Gateway  
  35  4:33  Gateway  
  35  4:35  Observer  
  36  5:09  Pylon  
  36  5:11  Pylon  
  34  6:06  Stalker x2  
  34  6:07  Stalker x2  
  34  6:08  Stalker  
  38  6:16  Stalker  
Tags
 
Add a new tag
Caveats
  • Supply blocks, unpowered buildings, or Contaminate may cause inaccurate times.
  • Supply counts are checked every 10 seconds.